 Dungeon Crawl Stone Soup version 0.27.0-1-g7a089689b8 (webtiles) character file.

Game seed: 2691951755987177282

357 rjrrt the Covert (level 6, 0/30 HPs)
             Began as a Spriggan Brigand on Aug 11, 2021.
             Was an Initiate of Ru.
             Slain by a hound (1 damage)
             ... on level 6 of the Dungeon.
             The game lasted 00:15:12 (3806 turns).

rjrrt the Covert (Spriggan Brigand)                 Turns: 3806, Time: 00:15:12

Health: 0/30       AC:  3    Str:  7    XL:     6   Next: 37%
Magic:  0/7        EV: 17    Int: 12    God:    Ru [......]
Gold:   44         SH:  0    Dex: 19    Spells: 5/5 levels left

rFire    . . .     SeeInvis +   a - +2 dagger
rCold    . . .     Faith    .   (shield restricted)
rNeg     . . .     Spirit   +   b - +0 robe
rPois    .         Reflect  .   (helmet restricted)
rElec    .         Harm     .   c - +0 cloak
rCorr    .         Rampage  .   (gloves unavailable)
Will     +....                  (boots unavailable)
Stlth    +++++.....             p - amulet of guardian spirit
HPRegen  0.10/turn              (no ring)
MPRegen  0.10/turn              (no ring)

@: very quick
A: very small, no large weapons, unfitting armour, see invisible, speed 3
a: Renounce Religion


You were on level 6 of the Dungeon.
You worshipped Ru.
Ru was noncommittal.
You visited 2 branches of the dungeon, and saw 10 of its levels.

You collected 44 gold pieces.

Inventory:

Hand Weapons
 a - a +2 dagger (weapon)
Missiles
 d - a curare-tipped dart
 e - 10 poisoned darts (quivered)
 g - 2 atropa-tipped darts
Armour
 b - a +0 robe (worn)
 c - a +0 cloak (worn)
Jewellery
 k - an amulet of magic regeneration
 p - an amulet of guardian spirit (around neck)
Wands
 s - a wand of iceblast (9)
Scrolls
 h - a scroll of fog
 m - 2 scrolls of identify {unknown}
 n - a scroll of blinking {unknown}
 r - a scroll of summoning {unknown}
Potions
 f - a potion of might {unknown}
 i - 2 potions of ambrosia {unknown}
 j - a potion of degeneration {unknown}
 l - a potion of haste {unknown}
 o - 2 potions of brilliance {unknown}
 q - a potion of lignification {unknown}


   Skills:
 + Level 2.2 Fighting
 + Level 2.6 Short Blades
 + Level 2.8 Throwing
 + Level 2.5 Dodging
 + Level 10.3 Stealth


You had 5 spell levels left.
You didn't know any spells.
Your spell library contained the following spells:

 Spells                   Type           Power      Damage    Failure   Level
 Apportation              Tloc           0%         N/A       32%         1
 Blink                    Tloc           N/A        N/A       45%         2
 Alistair's Intoxication  Tmut/Pois      0%         N/A       100%        5
 Manifold Assault         Tloc           0%         N/A       100%        5
 Invisibility             Hex            0%         N/A       100%        6
 Storm Form               Tmut/Air       0%         N/A       100%        7
 Chain Lightning          Conj/Air       0%         N/A       100%        9
 Fire Storm               Conj/Fire      0%         5d1       100%        9


Dungeon Overview and Level Annotations

Branches:
Dungeon (9/15)             Temple (1/1) D:6            Lair (0/6) D:8
    Orc: D:9-12

Altars:
Cheibriados
Fedhas
Gozag
Ru
Zin

Shops:
D:2 [   D:4 [

Annotations:
D:6 Menkaure


Innate Abilities, Weirdness & Mutations

You are very small and have problems with some larger weapons.
You are too small for most types of armour.
You have supernaturally acute eyesight. (SInv)
You cover ground extremely quickly. (Speed+++)


Message History

The hound misses you.
You hit the hound but do no damage.
The hound is lightly wounded.
The bullfrog skeleton misses you. The hound bites you.
* * * LOW HITPOINT WARNING * * *
You hit the hound.
The hound is moderately wounded.
The bullfrog skeleton hits you but does no damage.
The hound bites you.
* * * LOW HITPOINT WARNING * * *
Unknown command.
You hit the hound but do no damage.
The hound is moderately wounded.
The hound misses you. The bullfrog skeleton hits you.
* * * LOW HITPOINT WARNING * * *
You hit the hound.
The hound is moderately wounded.
The hound barely misses you. The bullfrog skeleton misses you.
The hound bites you.
* * * LOW HITPOINT WARNING * * *
You completely miss the hound.
The hound is moderately wounded.
The bullfrog skeleton barely misses you.
The hound completely misses you.
You hit the hound but do no damage.
The hound is moderately wounded.
The bullfrog skeleton hits you but does no damage.
The hound bites you but does no damage.
The bullfrog skeleton barely misses you.
You closely miss the hound.
The hound is moderately wounded.
The hound closely misses you.
The bullfrog skeleton barely misses you.
The hound completely misses you.
Unknown command.
You hit the hound but do no damage.
The hound is moderately wounded.
The bullfrog skeleton barely misses you.
The hound bites you.
You die...

#..#..# #..........#
.###..........###..###.#....
#. ...!......#...###..#.##.
.. ............##.#.>..#
...............#..###
.P.P........####...#
##.##......# ##...
###P#...#P.....# ####...
#.....>@Z......###.#..##
#..P#..h#P.(...........# #.
##.##...###....)....
#P...#.............#
##..................
#######.........#Z.
####.....###..
#......#####h.
#.......#....#


You could see a hound and a bullfrog skeleton.

Vanquished Creatures
  A black bear (D:6)
  A kobold brigand (D:9)
  A scorpion (D:5)
  A killer bee (D:9)
  A centaur zombie (D:8)
  A hound (D:5)
  A hound skeleton (D:5)
  An adder (D:5)
  2 orcs (D:8)
  4 hobgoblins
  5 kobolds (D:9)
  2 quokkas
  A frilled lizard (D:2)
22 creatures vanquished.

Vanquished Creatures (others)
  A plant (D:6)
1 creature vanquished.

Grand Total: 23 creatures vanquished

Notes
Turn   | Place    | Note
-------+----------+-------------------------------------------
     0 | D:1      | rjrrt the Spriggan Brigand began the quest for the Orb.
     0 | D:1      | Reached XP level 1. HP: 10/10 MP: 2/2
    16 | D:2      | Reached skill level 6 in Stealth
    25 | D:2      | Found Jebit's Armour Boutique.
   764 | D:4      | Found Ofroczog's Armour Emporium.
   787 | D:4      | Found a snail-covered altar of Cheibriados.
   806 | D:4      | Found a glowing silver altar of Zin.
   806 | D:4      | Found an opulent altar of Gozag.
   982 | D:4      | Noticed a necrophage
  1023 | D:5      | Entered Level 5 of the Dungeon
  1023 | D:5      | Found the +8 orange crystal plate armour {Archmagi, Int+3
                  | Clar}
  1026 | D:5      | Reached XP level 2. HP: 14/14 MP: 3/3
  1104 | D:5      | Noticed a phantom
  1165 | D:5      | Noticed a scorpion
  1167 | D:5      | Killed a scorpion
  1168 | D:5      | Reached skill level 8 in Stealth
  1168 | D:5      | Reached XP level 3. HP: 18/18 MP: 4/4
  1168 | D:5      | Reached XP level 4. HP: 23/23 MP: 5/5
  1569 | D:6      | Noticed Menkaure
  1796 | D:7      | Noticed a slime creature
  1796 | D:7      | Noticed a slime creature
  1864 | D:6      | Noticed a black bear
  1883 | D:6      | Killed a black bear
  1884 | D:6      | Reached skill level 9 in Stealth
  1884 | D:6      | Reached XP level 5. HP: 18/26 MP: 4/6
  1909 | D:7      | Noticed an ogre
  1914 | D:8      | Noticed a troll
  2216 | D:8      | Noticed an orc warrior
  2323 | D:8      | Noticed a water moccasin
  2324 | D:8      | Found a staircase to the Lair.
  2692 | D:9      | Reached XP level 6. HP: 5/30 MP: 2/7
  3079 | D:9      | Reached skill level 10 in Stealth
  3673 | D:7      | Noticed an ice beast
  3701 | D:6      | Found a staircase to the Ecumenical Temple.
  3708 | Temple   | Entered the Ecumenical Temple
  3733 | Temple   | Became a worshipper of Fedhas Madash
  3736 | Temple   | Fell from the grace of Fedhas
  3771 | Temple   | Became a worshipper of Ru the Awakened
  3802 | D:6      | HP: 1/30 [hound (1)]
  3806 | D:6      | Slain by a hound

Illustrated notes

Levels and vault maps discovered:
D:1:      dpeg_arrival_shelter, layout_basic, shapermc_ecumenical_altar_gd,
          minmay_cupped
D:2:      layout_loops_cross, serial_shops, nicolae_diamond_shop,
          uniq_crazy_yiuf_cottage
D:3:      layout_rooms, portal_sewer_entry_d, lemuel_flame_loot_1, uniq_robin
D:4:      layout_basic, grunt_temple_overflow_gold_and_silver,
          mainiacjoe_overflow_paths, serial_shops, kennysheep_little_box
D:5:      layout_basic
D:6:      layout_cave_pools, minmay_temple_entry_gardened_gates, moated_statue,
          minivault_24, uniq_menkaure
D:7:      layout_loops_cross, nicolae_tso_carved_into_rock,
          ashenzari_conservatory_becter, gammafunk_temple_overflow_wave,
          uniq_maggie
D:8:      layout_loops_ring, erik_lair_island, uniq_pikel
D:9:      layout_basic
Temple:   minmay_temple_curvy_branch

Skill      XL: |  1  2  3  4  5  6 |
---------------+-------------------+-----
Stealth        | 6 8 9 10 | 10.3
Dodging        | 2 |  2.5
Fighting       | 2 |  2.2
Short Blades   | |  2.6
Throwing       | |  2.8

Action                   |  1- 3 |  4- 6 || total
-------------------------+-------+-------++-------
Melee: Dagger            |    18 |    94 ||   112
Throw: Dart              |     7 |    16 ||    23
Invok: Renounce Religion |       |     1 ||     1
Evoke: Wand              |       |     1 ||     1
  Use: Scroll            |       |     3 ||     3
       Potion            |       |     3 ||     3
 Stab: Sleeping          |     5 |     4 ||     9
       Distracted        |       |     1 ||     1
Armor: Robe              |     2 |    24 ||    26
Dodge: Dodged            |     9 |   127 ||   136
